 Dungeon Crawl Stone Soup version 0.31-a0-1529-g7bd419a0e5 (webtiles) character file.

Game seed: 10320614364188306652

26700 voltaire321 the Thaumaturge (level 13, 0/76 HPs)
             Began as a Deep Elf Earth Elementalist on Jan 1, 2024.
             Was an Elder of Vehumet.
             Slain by a naga
             ... wielding a +0 war axe
              (20 damage)
             ... on level 2 of the Lair of Beasts.
             The game lasted 00:53:57 (16168 turns).

voltaire321 the Thaumaturge (DEEE)                 Turns: 16168, Time: 00:53:57

Health: 0/76       AC: 12    Str:  9    XL:     13   Next: 0%
Magic:  9/39       EV: 12    Int: 22    God:    Vehumet [****..]
Gold:   2827       SH: 11    Dex: 15    Spells: 17/34 levels left

rFire   . . .        p - staff of earth
rCold   . . .        N - +1 buckler "Zeanoa" {rElec Slay+2}
rNeg    . . .        Q - +0 acid dragon scales
rPois   +            m - +2 hat {Will+}
rElec   +            x - +1 cloak
rCorr   +            (no gloves)
SInv    .            (no boots)
Will    ++...        h - amulet of reflection
Stlth   ++++         i - ring of poison resistance
HPRegen 0.32/turn    H - ring of magical power
MPRegen 0.26/turn

%: reflection
@: constricted, studying Long Blades
A: no striking features
a: Renounce Religion


You were on level 2 of the Lair of Beasts.
You worshipped Vehumet.
Vehumet was greatly pleased with you.
You visited 2 branches of the dungeon, and saw 13 of its levels.
You also visited: Ossuary and Bailey.

You collected 2827 gold pieces.

Inventory:

Hand Weapons
 K - the +7 morningstar "Nennesk" {spect, rCorr Str+3 Stlth+}
   (You found it in a bailey)

   Str+3:     It affects your strength (+3).
   rCorr:     It protects you from acid and corrosion.
   Stlth+:    It makes you more stealthy.
Missiles
 g - 4 throwing nets
 W - 6 curare-tipped darts
Armour
 m - a +2 hat of willpower (worn)
 x - a +1 cloak (worn)
 y - a +2 robe of fire resistance
 z - a +0 troll leather armour
 I - +0 steam dragon scales
 N - the +1 buckler "Zeanoa" (worn) {rElec Slay+2}
   (You acquired it on level 9 of the Dungeon)

   Slay+2:    It affects your accuracy & damage with ranged weapons and melee
   (+2).
   rElec:     It insulates you from electricity.
 Q - +0 acid dragon scales (worn)
Magical Staves
 p - a staff of earth (weapon)
Jewellery
 a - a ring of protection from cold
 d - a +4 ring of slaying
 h - an amulet of reflection (around neck)
 i - a ring of poison resistance (left hand)
 k - a ring of resist corrosion
 B - a +6 ring of dexterity
 H - a ring of magical power (right hand)
 L - a +5 ring of evasion
 O - a ring of ice
 T - a ring of willpower
 X - a ring of protection from fire
Wands
 o - a wand of flame (30)
 q - a wand of iceblast (14)
 w - a wand of mindburst (13)
 A - a wand of quicksilver (8)
Scrolls
 e - 2 scrolls of teleportation
 f - 4 scrolls of enchant weapon
 n - 3 scrolls of revelation
 r - a scroll of amnesia
 u - 4 scrolls of identify
 v - 4 scrolls of poison
 G - a scroll of blinking {unknown}
 J - 2 scrolls of fog {unknown}
 R - 4 scrolls of immolation {unknown}
 U - a scroll of silence
 V - a scroll of enchant armour
 Y - a scroll of vulnerability {unknown}
Potions
 b - a potion of magic
 c - 3 potions of resistance
 j - 3 potions of mutation
 l - 2 potions of enlightenment
 s - a potion of lignification
 t - 6 potions of brilliance
 C - 2 potions of ambrosia
 D - 2 potions of cancellation
 E - a potion of heal wounds
 F - 4 potions of curing
 M - 2 potions of might
 P - a potion of berserk rage {unknown}
 S - a potion of haste


   Skills:
 + Level 7.0 Fighting
 + Level 7.0 Armour
 + Level 10.2 Dodging
 + Level 11.0 Stealth
 - Level 4.0 Shields
 + Level 11.1 Spellcasting
 + Level 8.7 Conjurations
 + Level 9.6 Earth Magic
 - Level 2.0 Alchemy


You had 17 spell levels left.
You knew the following spells:

 Your Spells              Type           Power      Damage    Failure   Level
a - Sandblast             Erth           100%       2d20      1%          1
b - Passwall              Erth           70%        N/A       1%          3
c - Stone Arrow           Conj/Erth      100%       3d13      1%          3
d - Brom's Barrelling Bo  Conj/Erth      68%        2d8       1%          4
e - Searing Ray           Conj           100%       2d8       1%          2
f - Airstrike             Air            6%         2d(1-17)  30%         4

Your spell library contained the following spells:

 Spells                   Type           Power      Damage    Failure   Level
 Flame Wave               Conj/Fire      31%        2d9       5%          4
 Fulminant Prism          Conj/Alch      17%        3d10      4%          4
 Iskenderun's Mystic Bla  Conj/Tloc      31%        2d8       5%          4
 Volatile Blastmotes      Fire/Tloc      24%        2d12      11%         3
 Petrify                  Alch/Erth      54%        N/A       11%         4
 Necrotise                Necr           48%        1d6       12%         1
 Call Imp                 Summ           24%        N/A       19%         2
 Ensorcelled Hibernation  Hex/Ice        24%        N/A       19%         2
 Sublimation of Blood     Necr           12%        N/A       19%         2
 Fugue of the Fallen      Necr           12%        N/A       36%         3
 Ozocubu's Armour         Ice            12%        N/A       36%         3
 Swiftness                Air            12%        N/A       36%         3
 Manifold Assault         Tloc           12%        N/A       77%         4
 Summon Hydra             Summ           6%         N/A       100%        7


Dungeon Overview and Level Annotations

Branches:
Dungeon (11/15)            Temple (0/1) D:7            Lair (2/5) D:11
    Orc (0/2) D:11        Ossuary (visited)          Bailey (visited)
  Swamp: Lair:2-3    Shoals: Lair:2-3     Snake: Lair:2-3    Spider: Lair:2-3

Altars:
Ashenzari
Dithmenos
Elyvilon
Fedhas
Gozag
Hepliaklqana
Nemelex Xobeh
Okawaru
Qazlal
Ru
Trog
Uskayaw
Vehumet
Wu Jian
The Shining One


Message History

Casting: Sandblast (safe; 1% risk of failure)
Confirm with . or Enter, or press ? or * to list all spells.
Aiming: Stone Arrow (safe; 1% risk of failure)
Press: ? - help, Shift-Dir - straight line, f/p - water moccasin
Aim: a water moccasin (severely wounded, 63% to hit)
You feel a surge of power!
The stone arrow hits the water moccasin!!
You kill the water moccasin!
Vehumet accepts your kill.
You feel your power returning. The bullfrog barely misses you.
The naga barely misses you. The naga constricts you.
The bullfrog hits you but does no damage.
Your Armour skill increases to level 7!
You have reached level 13!
Aiming: Sandblast (safe; 1% risk of failure)
Press: ? - help, Q - select action, (/) - cycle Shift-Dir - straight line, f - bullfrog
Aim: a bullfrog (82% to hit)
You feel a surge of power!
The blast of sand hits the bullfrog!!!
You kill the bullfrog!
Vehumet accepts your kill.
You feel your power returning. The naga spits poison at you.
The splash of poison misses you. The naga constricts you.
Aiming: Sandblast (safe; 1% risk of failure)
Press: ? - help, Q - select action, (/) - cycle Shift-Dir - straight line, f - naga
Aim: a naga, wielding a +0 war axe and wearing a +0 robe (constricting you, catching its breath, 85% to hit)
You feel a surge of power!
The blast of sand misses the naga.
You block the naga's attack. The naga constricts you.
* * * LOW HITPOINT WARNING * * *
You block the naga's attack. The naga constricts you.
* * * LOW HITPOINT WARNING * * *
Casting: Sandblast (safe; 1% risk of failure)
Confirm with . or Enter, or press ? or * to list all spells.
Aiming: Stone Arrow (safe; 1% risk of failure)
Press: ? - help, Shift-Dir - straight line, f/p - naga
Aim: a naga, wielding a +0 war axe and wearing a +0 robe (constricting you, 78% to hit)
You feel a surge of power!
The stone arrow hits the naga!
The naga is severely wounded.
The naga hits you with a +0 war axe!!
You die...

....... ...... ## .)... ##
###.#..#.#####...#
.###.............)..#
....#..............# ..#
#.............#
..###..........†.N#
................@.#
..#...............###
................†...#
..###.....................
..# ##.#.#.##########.....
..# ####### .... .## #P#
## #


You could see a naga.

Vanquished Creatures
  A fire dragon (D:10)
  Harold (D:11)
  A hydra (D:11)
  2 ogre magi (D:10)
  Erica (D:11)
  A two-headed ogre (D:9)
  3 death yaks (D:11)
  5 skeletal warriors (D:11)
  A deep elf pyromancer (D:10)
  An orc sorcerer (Bailey)
  A meliai (D:10)
  A gargoyle (D:11)
  3 cane toads
  An unseen horror (D:8)
  A rime drake (Lair:1)
  A freezing wraith (D:10)
  3 komodo dragons (Lair:2)
  A kobold demonologist (Bailey)
  3 red devils (D:8)
  3 trolls (D:11)
  A polar bear (Lair:1)
  Prince Ribbit (D:7)
  A slime creature (D:10)
  A shadow (D:10)
  A wyvern (Lair:1)
  21 yaks
  Grum (Lair:1)
  2 basilisks
  2 steam dragons
  2 wraiths
  3 vampire mosquitoes (D:11)
  Edmund (D:4)
  3 nagas (Lair:2)
  An acid dragon (D:10)
  9 water moccasins
  An ice beast (D:8)
  13 orc warriors
  3 sky beasts
  2 centaurs
  An ogre (D:5)
  11 wolves
  A weeping skull (D:4)
  Blork the orc (D:4)
  10 bullfrogs
  An elf zombie (Ossuary)
  2 kobold brigands
  2 gnoll sergeants
  4 scorpions
  5 wights (D:9)
  A burial acolyte (Ossuary)
  4 killer bees (D:9)
  2 howler monkeys
  2 electric eels (Bailey)
  4 hounds
  A jelly (D:5)
  6 orc priests
  A bombardier beetle (D:5)
  A human zombie (Ossuary)
  2 gnoll boudas
  10 orc wizards
  5 iguanas
  2 mummies (Ossuary)
  A howler monkey zombie (Ossuary)
  27 gnolls
  6 adders
  2 river rats (D:11)
  2 shadow imps
  2 white imps
  2 ufetubi (D:6)
  2 dart slugs
  31 orcs
  4 ball pythons
  7 endoplasms
  4 giant cockroaches
  17 goblins
  10 hobgoblins
  17 kobolds
  6 quokkas
  7 bats
  A frilled lizard (D:2)
  An orc zombie (Ossuary)
  10 rats
342 creatures vanquished.

Vanquished Creatures (collateral kills)
  A boulder (D:11)
1 creature vanquished.

Vanquished Creatures (others)
  A gnoll (Bailey)
  A boulder (D:9)
2 creatures vanquished.

Grand Total: 345 creatures vanquished

Notes
Turn   | Place    | Note
-------+----------+-------------------------------------------
     0 | D:1      | voltaire321 the Deep Elf Earth Elementalist began the quest
                  | for the Orb.
     0 | D:1      | Reached XP level 1. HP: 10/10 MP: 6/6
   267 | D:1      | Reached XP level 2. HP: 16/16 MP: 4/8
   686 | D:1      | Reached XP level 3. HP: 20/20 MP: 7/9
  1041 | D:2      | Found a faded altar of an unknown god.
  1045 | D:2      | Got Plato's Omnibus of Black Arts
  1397 | D:2      | Reached skill level 1 in Fighting
  1770 | D:3      | Learned a level 3 spell: Passwall
  1774 | D:3      | Learned a level 3 spell: Stone Arrow
  1821 | D:3      | Reached XP level 4. HP: 25/25 MP: 8/11
  1943 | D:3      | Found a sacrificial altar of Ru.
  2109 | D:3      | Found an opulent altar of Gozag.
  2411 | D:3      | Reached skill level 1 in Armour
  2657 | D:3      | Reached XP level 5. HP: 29/29 MP: 10/12
  2852 | D:4      | Reached skill level 1 in Conjurations
  2875 | D:4      | Reached skill level 1 in Shields
  2981 | D:4      | Reached XP level 6. HP: 34/34 MP: 9/14
  3074 | D:4      | Found a sand-covered staircase.
  3082 | Ossuary  | Entered an ossuary
  3082 | Ossuary  | Found a huge runed translucent gate.
  3082 | Ossuary  | Found a huge runed translucent gate.
  3082 | Ossuary  | Found a huge runed translucent gate.
  3082 | Ossuary  | Found a huge runed translucent gate.
  3082 | Ossuary  | Found a huge runed translucent gate.
  3082 | Ossuary  | Found a huge runed translucent gate.
  3082 | Ossuary  | Found a huge runed translucent gate.
  3082 | Ossuary  | Found a huge runed translucent gate.
  3083 | Ossuary  | Found a huge runed translucent gate.
  3083 | Ossuary  | Found a huge runed translucent gate.
  3084 | Ossuary  | Found a huge runed translucent gate.
  3084 | Ossuary  | Found a huge runed translucent gate.
  3084 | Ossuary  | Found a huge runed translucent gate.
  3095 | Ossuary  | Found a huge runed translucent gate.
  3095 | Ossuary  | Found a huge runed translucent gate.
  3127 | Ossuary  | Found a huge runed translucent gate.
  3127 | Ossuary  | Found a huge runed translucent gate.
  3127 | Ossuary  | Found a huge runed translucent gate.
  3127 | Ossuary  | Found a huge runed translucent gate.
  3128 | Ossuary  | Found a huge runed translucent gate.
  3133 | Ossuary  | Found a huge runed translucent gate.
  3133 | Ossuary  | Found a huge runed translucent gate.
  3134 | Ossuary  | Found a huge runed translucent gate.
  3134 | Ossuary  | Found a huge runed translucent gate.
  3134 | Ossuary  | Found a huge runed translucent gate.
  3134 | Ossuary  | Found a huge runed translucent gate.
  3135 | Ossuary  | Found a huge runed translucent gate.
  3135 | Ossuary  | Found a huge runed translucent gate.
  3169 | Ossuary  | Found a huge runed translucent gate.
  3169 | Ossuary  | Found a huge runed translucent gate.
  3170 | Ossuary  | Found a huge runed translucent gate.
  3170 | Ossuary  | Found a huge runed translucent gate.
  3170 | Ossuary  | Found a huge runed translucent gate.
  3170 | Ossuary  | Found a huge runed translucent gate.
  3170 | Ossuary  | Found a huge runed translucent gate.
  3226 | D:4      | Reached XP level 7. HP: 3/40 MP: 11/15
  3510 | D:4      | Noticed Blork the orc
  3516 | D:4      | Killed Blork the orc
  3806 | D:4      | Noticed Edmund
  3814 | D:4      | Killed Edmund
  3815 | D:4      | Found a bloodstained altar of Trog.
  4183 | D:5      | Entered Level 5 of the Dungeon
  4185 | D:5      | Found an ornate altar of the Wu Jian Council.
  4416 | D:5      | Reached skill level 5 in Spellcasting
  4753 | D:5      | Reached XP level 8. HP: 25/45 MP: 10/17
  4759 | D:5      | Reached skill level 5 in Stealth
  4934 | D:5      | Found an iron altar of Okawaru.
  4967 | D:5      | Reached skill level 5 in Earth Magic
  5675 | D:6      | Learned a level 4 spell: Brom's Barrelling Boulder
  5701 | D:6      | Reached skill level 5 in Dodging
  6081 | D:6      | Found a stormy altar of Qazlal.
  6081 | D:6      | Found a broken altar of Ashenzari.
  6226 | D:6      | Found a white marble altar of Elyvilon.
  6261 | D:6      | Found a radiant altar of Vehumet.
  6272 | D:6      | Became a worshipper of Vehumet
  6600 | D:6      | Reached XP level 9. HP: 51/51 MP: 13/20
  6809 | D:6      | Found a blossoming altar of Fedhas.
  7192 | D:7      | Found a hide-covered altar of Uskayaw.
  7300 | D:7      | Noticed Prince Ribbit
  7304 | D:7      | Killed Prince Ribbit
  7388 | D:7      | Found a glowing golden altar of the Shining One.
  7434 | D:7      | Reached * piety under Vehumet
  7434 | D:7      | Offered knowledge of Freeze by Vehumet.
  7790 | D:7      | Found a staircase to the Ecumenical Temple.
  8040 | D:8      | Noticed a red devil
  8110 | D:8      | Killed a red devil
  8115 | D:8      | Noticed a red devil
  8196 | D:8      | Found a flagged portal.
  8207 | Bailey   | Entered a bailey
  8316 | Bailey   | Reached skill level 5 in Conjurations
  8381 | Bailey   | Reached XP level 10. HP: 56/56 MP: 15/22
  8595 | Bailey   | Reached ** piety under Vehumet
  8596 | Bailey   | Offered knowledge of Sting by Vehumet.
  8840 | Bailey   | Acquired an amulet of reflection
  8989 | Bailey   | Found an iron altar of Okawaru.
  8989 | Bailey   | Noticed an orc sorcerer
  9015 | Bailey   | Killed an orc sorcerer
  9174 | Bailey   | Identified the +7 morningstar "Nennesk" {spect, rCorr Str+3
                  | Stlth+}
  9379 | D:8      | HP: 1/58 [red devil/+0 trident (13)]
  9522 | D:8      | Found a sparkling altar of Nemelex Xobeh.
 10369 | D:9      | Offered knowledge of Searing Ray by Vehumet.
 10548 | D:9      | Acquired 1205 gold pieces
 10552 | D:9      | Acquired 810 gold pieces
 10556 | D:9      | Acquired the +1 buckler "Zeanoa" {rElec Slay+2}
 10636 | D:9      | Learned a level 2 spell: Searing Ray
 10718 | D:9      | Reached skill level 5 in Fighting
 10907 | D:9      | Reached skill level 5 in Armour
 11025 | D:9      | Found a shadowy altar of Dithmenos.
 11092 | D:9      | Noticed a two-headed ogre
 11103 | D:9      | Killed a two-headed ogre
 11103 | D:9      | Reached *** piety under Vehumet
 11104 | D:9      | Reached XP level 11. HP: 63/63 MP: 25/25
 11180 | D:10     | Entered Level 10 of the Dungeon
 11458 | D:10     | Found a hazy altar of Hepliaklqana.
 11700 | D:10     | Noticed an ogre mage
 11702 | D:10     | Noticed a deep elf pyromancer
 11718 | D:10     | Killed a deep elf pyromancer
 11817 | D:10     | Killed an ogre mage
 11838 | D:10     | Noticed an ogre mage
 11842 | D:10     | Killed an ogre mage
 11845 | D:10     | Noticed a fire dragon
 12314 | D:10     | Killed a fire dragon
 12979 | D:11     | Noticed a skeletal warrior
 12980 | D:11     | Noticed a skeletal warrior
 12980 | D:11     | Noticed a skeletal warrior
 12980 | D:11     | Noticed a skeletal warrior
 13038 | D:11     | Killed a skeletal warrior
 13039 | D:11     | Killed a skeletal warrior
 13318 | D:11     | Noticed a death yak
 13336 | D:11     | Found a staircase to the Orcish Mines.
 13418 | D:11     | Killed a skeletal warrior
 13471 | D:11     | Noticed a death yak
 13493 | D:11     | Noticed a death yak
 13505 | D:11     | Killed a death yak
 13712 | D:11     | Killed a death yak
 13713 | D:11     | Reached XP level 12. HP: 70/70 MP: 27/27
 13717 | D:11     | Killed a death yak
 13780 | D:11     | Reached skill level 10 in Spellcasting
 13842 | D:11     | Reached skill level 10 in Stealth
 13929 | D:11     | Found a staircase to the Lair.
 14020 | D:11     | Offered knowledge of Airstrike by Vehumet.
 14142 | D:11     | Identified the +1 whip "Dragon's Tongue" {protect, rElec
                  | rF- rN+ Str+2}
 14207 | D:11     | Noticed Erica
 14212 | D:11     | Killed Erica
 14502 | D:11     | Noticed Harold
 14510 | D:11     | Killed Harold
 14706 | Lair:1   | Entered Level 1 of the Lair of Beasts
 14706 | Lair:1   | Noticed a seven-headed hydra
 14973 | D:11     | Killed a seven-headed hydra
 15247 | Lair:1   | Learned a level 4 spell: Airstrike
 15300 | Lair:1   | Reached **** piety under Vehumet
 15339 | Lair:1   | Noticed Grum
 15345 | Lair:1   | Killed Grum
 15596 | Lair:1   | You fall into a shaft and drop 1 floor!
 15625 | Lair:2   | Reached skill level 10 in Dodging
 15635 | Lair:2   | Offered knowledge of Flame Wave by Vehumet.
 16166 | Lair:2   | Reached XP level 13. HP: 29/76 MP: 10/30
 16168 | Lair:2   | Slain by a naga

Illustrated notes

Levels and vault maps discovered:
D:1:      hellmonk_arrival_library, layout_loops_ring,
          nicolae_kite_square_tiling_tiny, corexii_corridor_pit
D:2:      layout_basic, shapermc_ecumenical_altar_rom_forum
D:3:      layout_basic, mainiacjoe_overflow_surrounded_room,
          grunt_gozag_statues, moated_statue, minmay_crystal_room,
          ebering_dispersal_statue_hall, corexii_hall_statues_i,
          minmay_misc_feat_tower
D:4:      layout_layer_cave, overflow_temple_1_default,
          nicolae_ossuary_entry_plus, uniq_edmund, uniq_blork_the_orc
D:5:      layout_rooms, mainiacjoe_overflow_concentric_impassable,
          mainiacjoe_overflow_six_doors_small, dreamdust_princess_bridge
D:6:      layout_basic, vehumet_altar_wand_db, mainiacjoe_overflow_alcove_4,
          lemuel_coloured_pillars_altar, gammafunk_temple_overflow_elements
D:7:      layout_loops_cross, tso_altar, eat_drink_and_be_merry_uskayaw,
          temple_hall, uniq_prince_ribbit1
D:8:      layout_rooms, mainiacjoe_overflow_alcove_1, enter_bailey_3,
          hangedman_decor_diamond_cutter, einodemon_armed_red_devil_minivault
D:9:      layout_cave_pods, nicolae_dithmenos_through_a_glass_darkly
D:10:     minmay_blocky_corners, layout_basic, old_standard_altar,
          onia_ninara_dug_in_and_dangerous
D:11:     layout_cave_pods, dpeg_lair_monsters, orc_0_dummy, kennysheep_donut,
          uniq_erica, uniq_harold
Lair:1:   layout_gridlike, serial_bayou_pond_e,
          eino_small_chamber_without_monster, uniq_grum
Lair:2:   layout_roguey, minmay_snake_entry_guardpost_small,
          chequers_serial_rivers_micro_d, beast_lair_carwin_2

Skill      XL: |  1  2  3  4  5  6  7  8  9 10 11 12 |
---------------+-------------------------------------+-----
Fighting       | 1 2 3 4 5 6 7 |  7.0
Stealth        | 3 4 6 7 8 9 11 | 11.0
Dodging        | 3 4 5 6 7 9 10 | 10.2
Alchemy        | 2 |  2.0
Armour         | 1 2 3 4 5 6 7 |  7.0
Spellcasting   | 4 5 6 7 8 9 11 | 11.1
Conjurations   | 1 2 3 5 6 7 8 |  8.7
Shields        | 1 2 3 4 |  4.0
Earth Magic    | 4 5 6 7 8 9 |  9.6

Action                     |  1- 3 |  4- 6 |  7- 9 | 10-12 | 13-15 || total
---------------------------+-------+-------+-------+-------+-------++-------
  Melee: Short sword       |     1 |       |       |       |       ||     1
         Whip              |       |     3 |       |       |       ||     3
         Staff             |       |       |    19 |    10 |       ||    29
         Morningstar       |       |       |       |     5 |       ||     5
   Cast: Sandblast         |    54 |    85 |   171 |   226 |     2 ||   538
         Stone Arrow       |       |       |    37 |   164 |     1 ||   202
         Brom's Barrelling |       |       |       |     6 |       ||     6
         Searing Ray       |       |       |       |     3 |       ||     3
    Use: Scroll            |       |     8 |    13 |    10 |       ||    31
         Potion            |       |     3 |       |     2 |       ||     5
   Stab: Sleeping          |     1 |       |       |       |       ||     1
 Armour: Robe              |     9 |    43 |    61 |    10 |       ||   123
         Steam dragon scal |       |       |     7 |    73 |       ||    80
         Acid dragon scale |       |       |       |    84 |     1 ||    85
  Dodge: Dodged            |    10 |    45 |    73 |   151 |     1 ||   280
  Block: Buckler           |     1 |    11 |    34 |   125 |     2 ||   173
         Reflection        |       |       |       |     5 |       ||     5

Table legend: (Time is in decaauts)
 A = Elapsed time spent in this place.
 B = Non-inter-level travel time spent in this place.
 C = Inter-level travel time spent in this place.
 D = Time resting spent in this place.
 E = Time spent auto-exploring this place.
 F = Levels seen in this place.
 G = Mean time per level.
                   A        B        C        D        E       F      G
               +--------+--------+--------+--------+--------+-----+--------+
         Total |  16481 |  15687 |    794 |   4035 |   7635 |  15 | 1098.7 |
       Dungeon |  13988 |  13194 |    794 |   3115 |   6891 |  11 | 1271.6 |
          Lair |   1182 |   1182 |      0 |    341 |    482 |   2 |  591.0 |
       Ossuary |    156 |    156 |      0 |     38 |      0 |   1 |  156.0 |
        Bailey |   1153 |   1153 |      0 |    541 |    261 |   1 | 1153.0 |
               +--------+--------+--------+--------+--------+-----+--------+

Top non-repeatable levels by time:
    D:11: 2045 daAuts
    D:10: 1842 daAuts
     D:6: 1558 daAuts
     D:4: 1548 daAuts
     D:9: 1185 daAuts
  Bailey: 1153 daAuts
     D:5: 1067 daAuts
     D:3: 1063 daAuts
     D:8: 1033 daAuts
     D:1: 973 daAuts
     D:7: 856 daAuts
     D:2: 815 daAuts
  Lair:2: 601 daAuts
  Lair:1: 580 daAuts
 Ossuary: 156 daAuts
